 Dungeon Crawl Stone Soup version 0.26.1-11-gd32895ea62 (webtiles) character file.

Game seed: 688285635449562066

28 phalm the Conjurer (level 2, 0/19 HPs)
             Began as a Demonspawn Conjurer on June 16, 2021.
             Killed from afar by a dart slug (3 damage)
             ... with a slug dart
             ... on level 2 of the Dungeon.
             The game lasted 00:02:05 (1407 turns).

phalm the Conjurer (Demonspawn Conjurer)            Turns: 1407, Time: 00:02:06

Health: 0/19       AC:  3    Str:  7    XL:     2   Next: 96%
Magic:  0/5        EV: 12    Int: 19    God:
Gold:   65         SH:  0    Dex: 11    Spells: 3/6 levels left

rFire    . . .     SeeInvis .   e - +0 dagger
rCold    . . .     Faith    .   (no shield)
rNeg     . . .     Spirit   .   a - +0 robe
rPois    .         Reflect  .   (no helmet)
rElec    .         Harm     .   i - +0 cloak
rCorr    .         Rampage  .   (no gloves)
Will     .....                  (no boots)
Stlth    +.........             (no amulet)
HPRegen  0.06/turn              Z - ring of wizardry
MPRegen  0.09/turn              (no ring)

@: no status effects
A: hooves 1
a: no special abilities


You were on level 2 of the Dungeon.
You visited 1 branch of the dungeon, and saw 2 of its levels.

You collected 65 gold pieces.


Innate Abilities, Weirdness & Mutations

You have large cloven feet.


   Skills:
 - Level 1.7 Dodging
 - Level 1.7 Stealth
 * Level 2.9 Spellcasting
 + Level 4.3 Conjurations


You had 3 spell levels left.
You knew the following spells:

 Your Spells              Type           Power        Failure   Level
m - Magic Dart            Conj           76%          1%          1
s - Searing Ray           Conj           38%          1%          2

Your spell library contained the following spells:

 Spells                   Type           Power        Failure   Level
 Dazzling Flash           Conj/Hex       22%          8%          3
 Fulminant Prism          Conj/Hex       5%           26%         4
 Iskenderun's Mystic Bla  Conj/Tloc      11%          26%         4

Inventory:

Hand Weapons
 e - a +0 dagger (weapon)
   (You took it off a goblin on level 1 of the Dungeon)
Missiles
 b - 19 poisoned darts
 c - 25 stones
Armour
 a - a +0 robe (worn)
 h - a +0 tower shield
   (You found it on level 1 of the Dungeon)
 i - a +0 cloak (worn)
   (You found it on level 1 of the Dungeon)
 j - a +3 leather armour
   (You found it on level 2 of the Dungeon)
Jewellery
 Z - a ring of wizardry (left hand)
   (You found it on level 1 of the Dungeon)
Scrolls
 f - 3 scrolls of identify {unknown}
 g - a scroll of enchant armour {unknown}
Potions
 d - 3 potions of degeneration {unknown}
 k - a potion of resistance {unknown}

Dungeon Overview and Level Annotations

Branches:
Dungeon (2/15)

Altars:

#.# #.#. #.#
#.#.
#######.####
#.#.
...........#
#.#.
.#########.#
#.#. #.#
#.## #.#
#... #.# #
#@# #
#.).w[# #
#.#####


You could see a dart slug.


Message History

You continue putting on your +0 robe.
The rat closely misses you.
You continue putting on your +0 robe.
The rat bites you.
You continue putting on your +0 robe.
The rat bites you.
You continue putting on your +0 robe.
The rat misses you.
You finish putting on your +0 robe. 😕 HP[-4]
You take 4 damage, and now have 15/19 hp.
MASSIVE DAMAGE!! (PAUSE)
Casting: Magic Dart (safe; 1% risk of failure)
Confirm with . or Enter, or press ? or * to list all spells.
Aiming: Searing Ray (safe; 1% risk of failure)
Press: ? - help, Shift-Dir - straight line, f - rat
Aim: a rat (22% to evade)
The searing ray hits the rat.
You kill the rat! (Press . to maintain the ray.) 😕 MP[-2]
You lost 2 mp, and now have 3/5 mp.
A jackal comes into view. 😕 HP[+2] MP[+2]
You regained 2 hp, and now have 17/19 hp.
Your mp is fully restored (5).
The magic dart hits the jackal.
The jackal barks!
You hear a bark! 😕 MP[-1]
You lost 1 mp, and now have 4/5 mp.
The magic dart hits the jackal.
You kill the jackal! 😕 MP[-1]
You lost 1 mp, and now have 3/5 mp.
You can't see any susceptible monsters within range! (Use Z to cast anyway.)
A jackal comes into view.
The magic dart hits the jackal. 😕 HP[+1] MP[-1]
You lost 1 mp, and now have 2/5 mp.
The magic dart hits the jackal. 😕 MP[-1]
You lost 1 mp, and now have 1/5 mp.
The magic dart hits the jackal.
You kill the jackal! 😕 MP[-1]
You lost 1 mp, and now have 0/5 mp.
k - a fuming golden potion 😎 HP[+1] MP[+5]
Your hp is fully restored (19).
Your mp is fully restored (5).
A hobgoblin and a dart slug come into view.
The hobgoblin shouts!
You hear an angry hiss.
The dart slug launches a dart at you. The slug dart misses you.
The magic dart hits the hobgoblin. 😎 MP[-1]
You lost 1 mp, and now have 4/5 mp.
The magic dart hits the hobgoblin.
You kill the hobgoblin! 😎 MP[-1]
You lost 1 mp, and now have 3/5 mp.
The magic dart hits the dart slug but does no damage. 😎 MP[-1]
You lost 1 mp, and now have 2/5 mp.
The magic dart hits the dart slug. 😎 MP[-1]
You lost 1 mp, and now have 1/5 mp.
The magic dart hits the dart slug. 😎 MP[-1]
You lost 1 mp, and now have 0/5 mp.
You are too depleted to draw on your mana recklessly!
The dart slug launches a dart at you. The slug dart hits you! 😮 HP[-7]
You take 7 damage, and now have 12/19 hp.
MASSIVE DAMAGE!! (PAUSE)
The dart slug launches a dart at you. The slug dart hits you.
* * * LOW HITPOINT WARNING * * *
😨 HP[-5]
You take 5 damage, and now have 7/19 hp.
MASSIVE DAMAGE!! (PAUSE)
You aren't carrying any items that you can evoke.
You hit the dart slug. The dart slug bites you.
* * * LOW HITPOINT WARNING * * *
😨 HP[-1]
You take 1 damage, and now have 6/19 hp.
You hit the dart slug but do no damage. The dart slug bites you.
* * * LOW HITPOINT WARNING * * *
😱 HP[-3] MP[+1]
You take 3 damage, and now have 3/19 hp.
Aiming: Magic Dart (safe; 1% risk of failure)
Press: ? - help, Q - select action, (/) - cycle Shift-Dir - straight line, f/p - dart slug
Aim: a dart slug (moderately wounded, 0% to evade)
The magic dart hits the dart slug. 😱 MP[-1]
You lost 1 mp, and now have 0/5 mp.
You hit the dart slug. The dart slug launches a dart at you.
The slug dart hits you.
You die...

Action                   || total
-------------------------++-------
Melee: Dagger            ||     3
 Cast: Magic Dart        ||    43
       Searing Ray       ||     1
Dodge: Dodged            ||     4

Levels and vault maps discovered:
D:1:      dpeg_arrival_prison, layout_basic, serial_bayou_pond_e,
          hangedman_decor_clover_reticule
D:2:      layout_loops_ring, gammafunk_temple_overflow_statue,
          yredelemnul_forgotten_temple_becter, minmay_misc_feat_tiny

Notes
Turn   | Place    | Note
-------+----------+-------------------------------------------
     0 | D:1      | phalm the Demonspawn Conjurer began the quest for the Orb.
     0 | D:1      | Reached XP level 1. HP: 13/13 MP: 3/3
     0 | D:1      | magus.rc [v1.9.10]
   374 | D:1      | Gained mutation: You have large cloven feet. [demonic
                  | ancestry]
   374 | D:1      | Reached XP level 2. HP: 19/19 MP: 3/5
   377 | D:1      | Learned a level 2 spell: Searing Ray
  1405 | D:2      | HP: 3/19 [dart slug (3)]
  1407 | D:2      | Killed from afar by a dart slug

Vanquished Creatures
  An ooze (D:2)
  A ball python (D:1)
  2 giant cockroaches (D:1)
  5 goblins
  2 hobgoblins
  2 jackals (D:2)
  A bat (D:1)
  3 frilled lizards (D:2)
  A kobold (D:1)
  5 rats
23 creatures vanquished.

Table legend:
 A = Non-vault XP
 B = Vault XP
 C = Vault XP percentage of total XP
 D = Non-vault monster count
 E = Vault monster count
 F = Vault count percentage of total count
                 A         B        C        D         E       F
            +---------+---------+-------+---------+---------+-------
      Total |      39 |       1 |   2.5 |      22 |       1 |   4.3
            +---------+---------+-------+---------+---------+-------
        D:1 |      16 |       1 |   5.9 |      10 |       1 |   9.1
        D:2 |      23 |       0 |   0.0 |      12 |       0 |   0.0
            +---------+---------+-------+---------+---------+-------

Illustrated notes

Table legend:
 A = Kills in this place as a percentage of kills in entire the game.
 B = Kills by you in this place as a percentage of kills by you in the entire game.
 C = Kills by friends in this place as a percentage of kills by friends in the entire game.
 D = Other kills in this place as a percentage of other kills in the entire game.
 E = Experience gained in this place as a percentage of experience gained in the entire game.
 F = Experience gained in this place divided by the number of levels of this place that you have seen.
                   A       B       C       D       E      F
               +-------+-------+-------+-------+-------+----------------------
         Total | 100.0 | 100.0 |   N/A |   N/A | 100.0 |  20.0
       Dungeon | 100.0 | 100.0 |   N/A |   N/A | 100.0 |  20.0
               +-------+-------+-------+-------+-------+----------------------

Table legend: (Time is in decaauts)
 A = Elapsed time spent in this place.
 B = Non-inter-level travel time spent in this place.
 C = Inter-level travel time spent in this place.
 D = Time resting spent in this place.
 E = Time spent auto-exploring this place.
 F = Levels seen in this place.
 G = Mean time per level.
                   A        B        C        D        E       F      G
               +--------+--------+--------+--------+--------+-----+--------+
         Total |   1407 |   1349 |     58 |      2 |   1219 |   2 |  703.5 |
       Dungeon |   1407 |   1349 |     58 |      2 |   1219 |   2 |  703.5 |
               +--------+--------+--------+--------+--------+-----+--------+

Top non-repeatable levels by time:
     D:1: 989 daAuts
     D:2: 417 daAuts
